cohdb
Replays
Latest Replays
All Replays
Popular Replays
Top Player Replays
Match Explorer
How It Works
Community
CoH3 Stats
Reddit
Sign in to upload your games and track your stats! →
Sign in with Steam
Match 42181907
Unlisted
Match 42181907
Overview
Messages
Build Orders
End
Construct Infanterie Kompanie
MG 42 Machine Gun Team
Grenadier Squad
Grenadier Squad
GrW 34 Mortar Team
Construct Panzergrenadier Kompanie
251 Medium Carrier
Selects Mechanized Battlegroup
Panzergrenadier Squad
Medical Station
Selects Raid Package
Construct Panzer Kompanie
Kettenkrad Recon Vehicle
Pak 40 Anti-tank Gun Team
Selects 8 Rad Armored Car
Sturmpanzer IV Brummbär
Panzer IV Medium Tank
Pioneer Squad
Kong
COMMANDOBEAR
M4X
This game made me racer. F CH*NA
STALKER4732
dan legend
Scorps
TriggerConroy
0
0
Comments
sign in to comment!
No comments posted yet!